 Dungeon Crawl Stone Soup version 0.21-a0-358-g8928369 (webtiles) character file.

14 Dfrag the Firebug (level 2, 5/19 HPs)
             Began as a Demonspawn Fire Elementalist on Oct 12, 2017.
             Quit the game on level 1 of the Dungeon.
             The game lasted 00:00:26 (230 turns).

Dfrag the Firebug (Demonspawn Fire Elementalist)     Turns: 230, Time: 00:00:26

Health: 5/19       AC:  2    Str:  8    XL:     2   Next: 27%
Magic:  2/5        EV: 12    Int: 16    God:
Gold:   0          SH:  0    Dex: 15    Spells: 4/5 levels left

rFire    . . .     SeeInvis .   (no weapon)
rCold    . . .     Gourm    .   (no shield)
rNeg     . . .     Faith    .   a - +0 robe
rPois    .         Spirit   .   (no helmet)
rElec    .         Reflect  .   (no cloak)
rCorr    .         Harm     .   (no gloves)
MR       .....                  (no boots)
Stlth    ++........             (no amulet)
HPRegen  0.06/turn              (no ring)
MPRegen  0.09/turn              (no ring)

@: very slightly contaminated
A: thin skeletal structure 1
a: no special abilities


You were on level 1 of the Dungeon.
You were not hungry.

You visited 1 branch of the dungeon, and saw 1 of its levels.

Inventory:

Armour
 a - a +0 robe (worn)
Scrolls
 d - 2 scrolls of teleportation {unknown}
Books
 b - a book of Flames

   Spells                             Type                      Level
   a - Flame Tongue                   Conjuration/Fire             1
   b - Throw Flame                    Conjuration/Fire             2
   c - Conjure Flame                  Conjuration/Fire             3
   d - Inner Flame                    Hexes/Fire                   3
   e - Sticky Flame                   Conjuration/Fire             4
   f - Fireball                       Conjuration/Fire             5
Comestibles
 c - 2 bread rations


   Skills:
 - Level 1.7 Dodging
 - Level 1.7 Stealth
 + Level 2.3 Spellcasting
 + Level 1.5 Conjurations
 + Level 2.9 Fire Magic


You had 4 spell levels left.
You knew the following spells:

 Your Spells              Type           Power        Failure   Level  Hunger
a - Flame Tongue          Conj/Fire      #....        9%          1    #......


Dungeon Overview and Level Annotations

Branches:
Dungeon (1/15)

Altars:


Innate Abilities, Weirdness & Mutations

You have a somewhat thin skeletal structure. (Dex +2, Stealth)


Message History

Confirm with . or Enter, or press ? or * to list all spells.
Aiming: Flame Tongue
Press: ? - help, Shift-Dir - straight line, f/p - bat
Aim: a bat The flame tongue misses the bat.
The bat closely misses you. The giant cockroach bites you.
* * * LOW HITPOINT WARNING * * *
Casting: Flame Tongue
Confirm with . or Enter, or press ? or * to list all spells.
Aiming: Flame Tongue
Press: ? - help, Shift-Dir - straight line, f/p - bat
Aim: a bat The flame tongue hits the bat.
You kill the bat!
The giant cockroach closely misses you.
The giant cockroach bites you but does no damage.
Are you sure you want to abandon this character and quit the game? (Confirm with "yes".)
Okay, then.
Unknown command.
Are you sure you want to abandon this character and quit the game? (Confirm with "yes".)

###.#.#......#
..#.#.###8.8###.
#.#.#.# ##### #>
###+## ....#.# #.#
...... ..###.#### #.#
...... ....(....#
###.##......
....#.##.#
#...........
.##.#.##.#
#....g......
.##.#.##†#
#...@s.....!
.##.#.##.#
#.....###.##
.##.#.##.# ##....###
'##...##.# #......#
..)#####.#####....#.#
...# #.#........#.#
...# #..........# #
...# ###.#.######
#### #.#........


You could see a giant cockroach and a hobgoblin.

Vanquished Creatures
  A dart slug (D:1)
  2 leopard geckos (D:1)
  A bat (D:1)
  A goblin (D:1)
  2 hobgoblins (D:1)
  2 rats (D:1)
9 creatures vanquished.

Notes
Turn   | Place    | Note
-------+----------+-------------------------------------------
     0 | D:1      | Dfrag the Demonspawn Fire Elementalist began the quest for the Orb.
     0 | D:1      | Reached XP level 1. HP: 13/13 MP: 3/3
   144 | D:1      | Gained mutation: You have a somewhat thin skeletal structure. (Dex +2, Stealth) [demonic ancestry]
   144 | D:1      | Reached XP level 2. HP: 19/19 MP: 0/5
   230 | D:1      | Quit the game

Vault maps used:
D:1:      mrwooster_arrival_statue_3

Action                   || total
-------------------------++-------
Melee: Unarmed           ||    20
 Cast: Flame Tongue      ||    11
Armor: Robe              ||     4
Dodge: Dodged            ||    17

Table legend:
 A = Spawn XP
 B = Non-spawn XP
 C = Spawn XP percentage of total XP
 D = Spawn monster count
 E = Non-spawn monster count
 F = Spawn count percentage of total count
 G = Total turns spent on level
                    A         B        C        D         E        F      G
               +---------+---------+-------+---------+---------+-------+---------
         Total |       0 |      20 |   0.0 |       0 |       9 |   0.0 |   230
               +---------+---------+-------+---------+---------+-------+---------
           D:1 |       0 |      20 |   0.0 |       0 |       9 |   0.0 |   230
               +---------+---------+-------+---------+---------+-------+---------
